 Dungeon Crawl Stone Soup version 0.30-a0-1-g69b7b797bf (webtiles) character file.

Game seed: 13670388120560760363

198 BritishOli the Trooper (level 5, 0/42 HPs)
             Began as a Demonspawn Fighter on Aug 19, 2022.
             Was an Initiate of Makhleb.
             Slain by an ogre
             ... wielding a +0 giant club
              (18 damage)
             ... on level 3 of the Dungeon.
             The game lasted 00:02:06 (1698 turns).

BritishOli the Trooper (Demonspawn Fighter)         Turns: 1698, Time: 00:02:11

Health: 0/42       AC:  6    Str: 19    XL:     5   Next: 47%
Magic:  14/14      EV:  5    Int:  9    God:    Makhleb [......]
Gold:   52         SH: 12    Dex: 12    Spells: 4/4 levels left

rFire   . . .      SeeInvis .    a - +0 long sword
rCold   . . .      Faith    .    j - +0 tower shield
rNeg    . . .      Spirit   .    b - +0 scale mail
rPois   .          Reflect  .    (helmet restricted)
rElec   .          Harm     .    (no cloak)
rCorr   .          Rampage  .    (no gloves)
Will    .....                    (no boots)
Stlth   ..........               n - amulet of regeneration
HPRegen 0.94/turn                m - ring of magical power
MPRegen 0.14/turn                (no ring)

@: no status effects
A: horns 1, demonic guardian 1
a: Renounce Religion


You were on level 3 of the Dungeon.
You worshipped Makhleb.
Makhleb was noncommittal.
You visited 1 branch of the dungeon, and saw 3 of its levels.

You collected 52 gold pieces.

Inventory:

Hand Weapons
 a - a +0 long sword (weapon)
Armour
 b - a +0 scale mail (worn)
 c - a +0 buckler
 j - a +0 tower shield (worn)
Jewellery
 h - a ring of ice
 m - a ring of magical power (left hand)
 n - an amulet of regeneration (around neck)
Scrolls
 f - a scroll of teleportation {unknown}
 i - a scroll of butterflies {unknown}
 o - a scroll of fear {unknown}
 p - a scroll of poison {unknown}
 q - 2 scrolls of summoning {unknown}
 r - a scroll of enchant armour {unknown}
Potions
 d - a potion of might
 e - a potion of brilliance {unknown}
 g - a potion of attraction {unknown}
 k - a potion of curing
 l - 2 potions of resistance {unknown}
 s - a potion of heal wounds {unknown}


   Skills:
 + Level 4.0 Fighting
 + Level 3.0 Long Blades
 + Level 3.6 Armour
 + Level 3.6 Shields


You had 4 spell levels left.
You didn't know any spells.
Your spell library was empty.

Dungeon Overview and Level Annotations

Branches:
Dungeon (3/15)

Altars:
Makhleb

Shops:
D:1 [   D:2 :


Innate Abilities, Weirdness & Mutations

You have a pair of small horns on your head.
A weak demonic guardian rushes to your aid.


Message History

Makhleb accepts your kill.
A ball python comes into view.
The ball python hisses angrily.
You block the ball python's attack. The ball python grabs you.
The ball python constricts you.
A ball python is nearby!
You barely miss the ball python. You block the ball python's attack.
The ball python constricts you.
A ball python is nearby!
You closely miss the ball python. You headbutt the ball python.
You kill the ball python!
Makhleb accepts your kill.
An ogre comes into view. It is wielding a +0 giant club.
The ogre shouts!
You see here a ball python corpse.
A goblin and a dart slug come into view.
The goblin shouts!
The goblin unwields a +0 club.
The goblin wields a +0 sling.
The goblin shoots a sling bullet.
The sling bullet hits you.
There are monsters nearby!
Found a quarterstaff.
There are monsters nearby!
There are monsters nearby!
You block the ogre's attack.
The goblin shoots a sling bullet.
You block the sling bullet.
There are monsters nearby!
You closely miss the ogre.
The goblin shoots a sling bullet.
The sling bullet closely misses you. The ogre closely misses you.
The goblin shoots a sling bullet.
You block the sling bullet.
You barely miss the ogre. You headbutt the ogre.
The ogre is moderately wounded.
The ogre barely misses you.
The goblin shoots a sling bullet.
You block the sling bullet.
You barely miss the ogre.
The ogre is moderately wounded.
The ogre hits you with a +0 giant club!!
Ouch! That really hurt!
A demonic guardian appears!
You block the dart slug's attack.
The ogre hits you with a +0 giant club!!
You die...

#########
#......).
#........
#########........
#
#................
######
#.†5.@O......
......
#.###.w......
############.#
#..g.....
.............#
#........
.####...######
#........
.............#
#.......#
....#...####.#
#.......#
....##.#####.#
#.......#
.............#


You could see an ogre (ally target), a dart slug, a goblin and a friendly quasit
(summoned).

Vanquished Creatures
  Terence (D:2)
  Jessica (D:2)
  Natasha (thrice) (D:2)
  2 adders
  A worm (D:2)
  A dart slug (D:2)
  A ball python (D:3)
  4 bats
  2 endoplasms
  4 goblins (D:1)
  2 hobgoblins (D:1)
  12 jackals
  3 kobolds (D:1)
  A quokka (D:2)
  2 frilled lizards
  8 rats
48 creatures vanquished.

Notes
Turn   | Place    | Note
-------+----------+-------------------------------------------
     0 | D:1      | BritishOli the Demonspawn Fighter began the quest for the
                  | Orb.
     0 | D:1      | Reached XP level 1. HP: 18/18 MP: 1/1
   252 | D:1      | Discovered your monstrous ancestry.
   252 | D:1      | Gained mutation: You have a pair of small horns on your
                  | head. [demonic ancestry]
   252 | D:1      | Reached XP level 2. HP: 17/24 MP: 2/2
   375 | D:1      | Found Bigyip's Antique Armour Emporium.
   618 | D:1      | Reached XP level 3. HP: 21/29 MP: 3/3
  1020 | D:1      | Found a faded altar of an unknown god.
  1163 | D:2      | Noticed Natasha
  1170 | D:2      | Killed Natasha
  1176 | D:2      | Noticed Natasha
  1182 | D:2      | Killed Natasha
  1183 | D:2      | Reached XP level 4. HP: 36/36 MP: 4/4
  1195 | D:2      | Found Civvoan's Book Shop.
  1336 | D:2      | Noticed Natasha
  1342 | D:2      | Killed Natasha
  1368 | D:2      | Noticed Jessica
  1371 | D:2      | Killed Jessica
  1372 | D:2      | Gained mutation: A weak demonic guardian rushes to your
                  | aid. [demonic ancestry]
  1372 | D:2      | Reached XP level 5. HP: 42/42 MP: 5/5
  1445 | D:2      | Noticed Terence
  1446 | D:2      | Found a burning altar of Makhleb.
  1463 | D:2      | Killed Terence
  1495 | D:2      | Reached skill level 4 in Fighting
  1503 | D:2      | Became a worshipper of Makhleb the Destroyer
  1692 | D:3      | Noticed an ogre
  1698 | D:3      | Slain by an ogre

Illustrated notes

Levels and vault maps discovered:
D:1:      matt_arrival_grand_opening, layout_loops_ring,
          ebering_ecumenical_altar_box, serial_shops, nicolae_shop_statue_plus,
          st_stairs_14, grunt_decor_one_mirror
D:2:      layout_basic, serial_shops, nicolae_diamond_shop, basic_altar,
          uniq_natasha, uniq_jessica, uniq_terence
D:3:      layout_loops_ring

Skill      XL: |  1  2  3  4  5 |
---------------+----------------+-----
Long Blades    | 2 3 |  3.0
Armour         | 3 |  3.6
Shields        | 3 |  3.6
Fighting       | 4 |  4.0

Action                   |  1- 3 |  4- 6 || total
-------------------------+-------+-------++-------
Melee: Long sword        |    98 |    68 ||   166
       Headbutt          |    19 |    11 ||    30
Armor: Scale mail        |    77 |    25 ||   102
Dodge: Dodged            |    29 |    11 ||    40
Block: Buckler           |     3 |       ||     3
       Tower shield      |    80 |    46 ||   126

Table legend: (Time is in decaauts)
 A = Elapsed time spent in this place.
 B = Non-inter-level travel time spent in this place.
 C = Inter-level travel time spent in this place.
 D = Time resting spent in this place.
 E = Time spent auto-exploring this place.
 F = Levels seen in this place.
 G = Mean time per level.
                   A        B        C        D        E       F      G
               +--------+--------+--------+--------+--------+-----+--------+
         Total |   1801 |   1778 |     23 |      0 |   1354 |   3 |  600.3 |
       Dungeon |   1801 |   1778 |     23 |      0 |   1354 |   3 |  600.3 |
               +--------+--------+--------+--------+--------+-----+--------+

Top non-repeatable levels by time:
     D:1: 1091 daAuts
     D:2: 607 daAuts
     D:3: 103 daAuts
